Map: Lightshade LE

Players

A.I. 1 (Very Easy) - Winner!

  • Race: Terran Terran
  • Spawn Location: 5:00

Albert

  • Race: Zerg Zerg
  • League: Diamond
  • Spawn Location: 11:00

VOD

Have the link to the VOD?

Description

Time

  • Played on: Oct. 25, 2020, 7:38 p.m.
  • Length: 10:19
Show
View Real Time Build Order
Export as new Build Order

A.I. 1 (Very Easy) Terran - Winner!

Build Orders: Reaper Expand 

Get SALT Encoding   

  6  0:00  SCV  
  13  0:13  SCV  
  14  0:18  Supply Depot  
  14  0:42  Barracks  
  14  1:02  Command Center  
  14  1:30  Supply Depot, Orbital Command  
  14  1:31  Marine  
  15  1:36  Refinery  
  15  1:47  Refinery  
  15  1:55  SCV  
  16  2:07  SCV  
  17  2:14  SCV  
  17  2:15  Reaper  
  19  2:21  SCV  
  20  2:28  SCV  
  21  2:35  SCV  
  22  2:43  SCV  
  23  2:44  Refinery  
  23  2:50  SCV  
  24  2:56  Marine  
  24  2:57  SCV  
  26  3:04  SCV  
  27  3:11  SCV  
  28  3:13  Factory  
  28  3:34  Refinery  
  28  3:36  SCV  
  28  3:38  Marine  
  30  3:43  SCV  
  31  3:50  SCV  
  31  3:54  Supply Depot  
  32  3:58  SCV  
  32  4:00  Starport  
  33  4:05  SCV  
  34  4:12  SCV  
  34  4:20  Reaper, SCV  
  36  4:27  SCV  
  37  4:34  SCV  
  37  4:37  Starport Tech Lab  
  38  4:41  SCV  
  38  4:45  Supply Depot  
  39  4:48  SCV  
  40  4:56  SCV, Raven  
  43  5:01  Marine  
  43  5:03  SCV  
  45  5:10  SCV  
  46  5:17  SCV  
  47  5:24  SCV  
  48  5:38  Raven  
  50  5:43  Marine  
  51  6:02  Barracks Tech Lab  
  51  6:25  Marauder  
Show
View Real Time Build Order
Export as new Build Order

Albert Zerg 

Build Orders: Hatch First 

Get SALT Encoding   

  6  0:01  Drone  
  13  0:12  Overlord  
  13  0:16  Drone  
  14  0:31  Drone x2  
  16  0:49  Hatchery  
  15  0:54  Drone  
  15  0:55  Drone  
  17  0:59  Drone  
  18  1:09  Extractor  
  17  1:15  Spawning Pool  
  16  1:18  Drone  
  16  1:21  Drone  
  18  1:28  Drone  
  19  1:39  Drone  
  20  1:50  Drone  
  21  2:02  Queen x2  
  21  2:04  Zergling x4  
  27  2:17  Hatchery  
  26  2:29  Overlord  
  26  2:31  Drone x2  
  26  2:35  Metabolic Boost  
  28  2:48  Drone x3  
  28  2:49  Drone  
  32  2:53  Queen  
  32  2:58  Overlord  
  34  3:03  Drone  
  34  3:04  Drone  
  36  3:07  Overlord  
  36  3:19  Drone x3  
  39  3:21  Drone x2  
  39  3:27  Drone  
  42  3:30  Drone  
  42  3:32  Overlord  
  43  3:38  Queen x2  
  47  3:42  Queen  
  50  3:55  Zergling x4  
  50  3:56  Zergling x4  
  50  4:00  Overlord  
  50  4:02  Overlord  
  53  4:08  Drone x3, Baneling Nest  
  53  4:09  Drone x2  
  57  4:21  Drone x4  
  57  4:22  Drone x2  
  57  4:23  Overlord  
  63  4:28  Lair  
  63  4:30  Spore Crawler  
  62  4:32  Spore Crawler  
  62  4:35  Spore Crawler  
  60  4:40  Queen  
  60  4:43  Queen  
  64  4:46  Extractor  
  64  4:48  Extractor  
  62  4:56  Drone x3  
  62  4:57  Drone x3  
  68  5:02  Drone x2  
  68  5:03  Evolution Chamber  
  68  5:04  Drone  
  68  5:05  Drone  
  68  5:06  Drone, Evolution Chamber  
  71  5:08  Drone  
  71  5:11  Overlord  
  72  5:16  Overlord  
  72  5:24  Drone x4  
  72  5:25  Drone, Zergling x2  
  72  5:26  Zergling x4  
  80  5:30  Zergling x2  
  80  5:31  Zergling x6  
  84  5:37  Zerg Melee Weapons Level 1  
  84  5:39  Zerg Ground Armor Level 1  
  84  5:58  Extractor  
  84  5:59  Extractor, Drone x3  
  84  6:00  Drone x3  
  84  6:01  Drone x2  
  90  6:05  Drone x3  
  90  6:06  Extractor, Drone x2  
  90  6:08  Drone  
  90  6:10  Drone x3  
  98  6:16  Overlord  
  98  6:18  Overlord  
  98  6:22  Hatchery  
  98  6:23  Extractor  
  98  6:24  Extractor, Spire  
  94  6:26  Spine Crawler  
  94  6:28  Spine Crawler  
  92  6:38  Drone  
  92  6:39  Drone x2  
  96  6:40  Drone x3  
  96  6:41  Drone x3  
  101  6:57  Baneling x7  
  101  6:58  Baneling x5  
  101  6:59  Zergling x10  
  101  7:00  Zergling x8  
  110  7:08  Overlord x3  
  110  7:10  Zergling x8  
  110  7:13  Overseer  
  114  7:37  Queen  
  114  7:39  Mutalisk  
  114  7:40  Mutalisk x8  
  134  7:49  Overseer  
  134  7:51  Zerg Flyer Weapons Level 1  
  134  7:52  Pneumatized Carapace  
  134  7:55  Overseer  
  134  8:08  Mutalisk, Overlord x3  
  134  8:09  Mutalisk x2  
  140  8:14  Zergling x8  
  144  8:57  Infestation Pit  
  144  8:59  Overlord  
  144  9:00  Overlord x2, Spine Crawler  
  142  9:11  Zergling x8  
  142  9:12  Zergling x44  
  168  9:32  Zergling x20  
  178  9:41  Overlord  
  178  9:42  Overlord x2  
  178  9:43  Mutalisk x6  
  178  9:44  Mutalisk  
  192  9:56  Overseer  
Tags
 
Add a new tag
Caveats
  • Supply blocks, unpowered buildings, or Contaminate may cause inaccurate times.
  • Supply counts are checked every 10 seconds.